 Dungeon Crawl Stone Soup version 0.26.1-11-gd32895ea62 (webtiles) character file.

Game seed: 9324977513269803920

2226 Zeld the Cleaver (level 9, -2/74 HPs)
             Began as a Deep Dwarf Fighter on June 1, 2021.
             Was a Follower of Makhleb.
             Slain by a killer bee (3 damage)
             ... on level 7 of the Dungeon.
             The game lasted 00:12:18 (12780 turns).

Zeld the Cleaver (Deep Dwarf Fighter)              Turns: 12780, Time: 00:12:18

Health: -2/74      AC: 14    Str: 27 (29) XL:     9   Next: 14%
Magic:  0/0        EV:  6    Int:  7 (9)  God:    Makhleb [*.....]
Gold:   295        SH:  9    Dex:  9 (12) Spells: 8/8 levels left

rFire    . . .     SeeInvis .   a - +0 war axe
rCold    + . .     Faith    .   c - +0 kite shield
rNeg     . . .     Spirit   .   b - +3 chain mail {rC+}
rPois    .         Reflect  .   C - +0 helmet
rElec    .         Harm     .   (no cloak)
rCorr    +         Rampage  .   (no gloves)
Will     +....                  n - +0 pair of boots
Stlth    ..........             (no amulet)
HPRegen  0.00/turn              B - ring of resist corrosion
MPRegen  0.07/turn              m - +6 ring of strength

@: non-regenerating
A: damage resistance, heal wounds, sense surroundings 2, no regeneration
a: Heal Wounds, Renounce Religion


You were on level 7 of the Dungeon.
You worshipped Makhleb.
Makhleb was aware of your devotion.
You visited 2 branches of the dungeon, and saw 8 of its levels.

You collected 407 gold pieces.
You spent 112 gold pieces at shops.

Inventory:

Hand Weapons
 a - a +0 war axe (weapon)
Missiles
 h - 30 poisoned darts (quivered)
Armour
 b - a +3 chain mail of cold resistance (worn)
 c - a +0 kite shield (worn)
 n - a +0 pair of boots (worn)
 C - a +0 helmet (worn)
 D - a +0 plate armour
Jewellery
 m - a +6 ring of strength (right hand)
 B - a ring of resist corrosion (left hand)
Scrolls
 e - 3 scrolls of teleportation {unknown}
 g - 2 scrolls of enchant weapon {unknown}
 i - 4 scrolls of identify {unknown}
 k - a scroll of noise {unknown}
 l - a scroll of blinking {unknown}
 q - 7 scrolls of remove curse
 s - 3 scrolls of enchant armour {unknown}
 w - 2 scrolls of amnesia {unknown}
 y - a scroll of immolation {unknown}
 z - a scroll of random uselessness {unknown}
Potions
 d - a potion of attraction {unknown}
 j - 2 potions of heal wounds {unknown}
 o - a potion of invisibility {unknown}
 p - a potion of mutation {unknown}
 t - a potion of ambrosia {unknown}
 u - a potion of flight {unknown}
 v - a potion of brilliance {unknown}
 x - a potion of berserk rage {unknown}


   Skills:
 - Level 2.6 Fighting
 * Level 13.0 Axes
 - Level 3.2 Armour
 - Level 3.2 Shields


You had 8 spell levels left.
You didn't know any spells.
Your spell library contained the following spells:

 Spells                   Type           Power        Failure   Level
 Beastly Appendage        Tmut           0%           100%        1
 Wereblood                Tmut           0%           100%        2
 Spider Form              Tmut/Pois      0%           100%        3
 Ice Form                 Ice/Tmut       0%           100%        4
 Blade Hands              Tmut           0%           100%        5


Dungeon Overview and Level Annotations

Branches:
Dungeon (7/15)             Temple (1/1) D:5

Altars:
Ashenzari
Cheibriados
Dithmenos
Elyvilon
Fedhas
Gozag
Hepliaklqana
Kikubaaqudgha
Makhleb
Nemelex Xobeh
Qazlal
Ru
Sif Muna
Trog
Uskayaw
Vehumet
Wu Jian
Xom
Yredelemnul
Zin
The Shining One

Shops:
D:6 [


Innate Abilities, Weirdness & Mutations

You are resistant to damage.
You can heal yourself by infusing magical energy.
You passively map the area around you.
You do not regenerate.


Message History

You are too injured to fight recklessly!
You hit the killer bee.
The killer bee is lightly wounded.
The killer bee barely misses you. You block the killer bee's attack.
You are too injured to fight recklessly!
You miss the killer bee.
The killer bee is lightly wounded.
The killer bee stings you but does no damage.
The killer bee barely misses you.
You barely miss the killer bee.
The killer bee is lightly wounded.
You block the killer bee's attack. x2
Your chain mail prevents you from hitting the killer bee.
The killer bee is lightly wounded.
You block the killer bee's attack.
The killer bee stings you but does no damage.
You hit the killer bee.
The killer bee is heavily wounded.
The killer bee stings you. x2
You die...

, ≈ ,...##(#, , * * ,
*#..##.# , *,* ,,,
*..##.###'# * ** ,
#.##.....# * ######..#[#####
* #.......#.##### ##### *,
#..(..........######+##
#.... ,
#......#..###[........#
#.### ,,*
#..........y@.........# #.#
..........>####........# #.#
.......................# #.#
##.....#.#######'#########.#
* #.....#. **#...........# *
... ##'################### ,
..,.#...○○○°°...☼§§§....## ,
, .. #################.## *
$$$$...§§§....°○☼.##


You could see a killer bee.

Vanquished Creatures
  A hornet (D:7)
  Eustachio (Temple)
  Menkaure (D:6)
  An orc warrior (D:5)
  2 ice beasts (D:6)
  2 ogres
  5 bullfrogs
  A gnoll sergeant (D:6)
  3 killer bees
  A howler monkey (D:6)
  4 hounds
  2 jellies
  2 orc priests
  A centaur skeleton (D:5)
  Terence (D:3)
  6 orc wizards
  2 worker ants (D:4)
  2 hound skeletons (D:5)
  9 adders
  3 gnolls (D:6)
  A howler monkey skeleton (D:4)
  A shadow imp (D:5)
  An ufetubus (D:6)
  2 adder skeletons
  A dart slug (D:3)
  2 leopard geckos
  27 orcs
  7 giant cockroaches
  4 goblins
  11 hobgoblins
  6 jackals
  6 kobolds
  6 quokkas
  3 ball pythons
  6 bats
  2 frilled lizards (D:1)
  A giant cockroach zombie (D:5)
  A jackal zombie (D:5)
  A quokka skeleton (D:7)
  6 rats
145 creatures vanquished.

Vanquished Creatures (others)
  A plant (Temple)
1 creature vanquished.

Grand Total: 146 creatures vanquished

Notes
Turn   | Place    | Note
-------+----------+-------------------------------------------
     0 | D:1      | Zeld the Deep Dwarf Fighter began the quest for the Orb.
     0 | D:1      | Reached XP level 1. HP: 20/20 MP: 1/1
   220 | D:1      | Reached skill level 3 in Axes
   220 | D:1      | Reached XP level 2. HP: 18/27 MP: 2/2
   909 | D:1      | Reached XP level 3. HP: 33/33 MP: 3/3
  1232 | D:2      | Reached skill level 4 in Axes
  2089 | D:3      | Noticed Terence
  2244 | D:3      | Killed Terence
  2245 | D:3      | Reached skill level 5 in Axes
  2245 | D:3      | Reached XP level 4. HP: 40/40 MP: 4/4
  2438 | D:3      | Reached skill level 6 in Axes
  2438 | D:3      | Reached XP level 5. HP: 30/46 MP: 5/5
  3518 | D:4      | Reached skill level 7 in Axes
  3518 | D:4      | Reached XP level 6. HP: 55/55 MP: 4/4
  4125 | D:5      | Entered Level 5 of the Dungeon
  4125 | D:5      | Noticed Eustachio
  4129 | D:5      | Found a staircase to the Ecumenical Temple.
  4144 | Temple   | Entered the Ecumenical Temple
  4173 | Temple   | Killed Eustachio
  4174 | Temple   | Reached skill level 8 in Axes
  4174 | Temple   | Reached XP level 7. HP: 55/61 MP: 5/5
  4544 | Temple   | Became a worshipper of Makhleb the Destroyer
  4723 | D:5      | Found a basalt altar of Yredelemnul.
  4750 | D:5      | Reached skill level 9 in Axes
  5263 | D:6      | Found Xaoleto's Antique Armour Emporium.
  5283 | D:6      | Bought a helmet for 112 gold pieces
  6985 | D:5      | Reached skill level 10 in Axes
  7773 | D:6      | Reached XP level 8. HP: 57/68 MP: 2/2
  7839 | D:6      | Reached skill level 11 in Axes
  8046 | D:6      | Noticed Menkaure
  8072 | D:6      | Killed Menkaure
  8126 | D:6      | Reached * piety under Makhleb
  8127 | D:6      | Reached skill level 12 in Axes
 11977 | D:7      | Gained mutation: You passively map the area around you.
                  | [Deep Dwarf growth]
 11977 | D:7      | Reached XP level 9. HP: 15/74 MP: 1/1
 12024 | D:7      | Paralysed by a hornet for 1 turns
 12035 | D:7      | Paralysed by a hornet for 1 turns
 12466 | D:7      | Reached skill level 13 in Axes
 12468 | D:7      | HP: 1/74 [orc priest/divine providence (14)]
 12780 | D:7      | Slain by a killer bee

Illustrated notes

Levels and vault maps discovered:
D:1:      minmay_arrival_widening_spiral_wide, layout_loops_cross,
          kennysheep_nondescript
D:2:      layout_loops_corners
D:3:      layout_loops_cross, uniq_terence
D:4:      layout_basic
D:5:      layout_basic, minmay_temple_entry_large_hall, basic_altar,
          st_stairs_11, kennysheep_generic_room_13, uniq_eustachio
D:6:      layout_rooms, serial_shops, shop, uniq_menkaure
D:7:      lemuel_ice_spiral_2, layout_basic, kennysheep_okawaru_gauntlet
Temple:   kilobyte_greek_temple

Skill      XL: |  1  2  3  4  5  6  7  8  9 |
---------------+----------------------------+-----
Axes           | 3 5 6 7 8 10 12 13 | 13.0
Fighting       | |  2.6
Armour         | |  3.2
Shields        | |  3.2

Action                   |  1- 3 |  4- 6 |  7- 9 || total
-------------------------+-------+-------+-------++-------
Melee: War axe           |   143 |   153 |   296 ||   592
 Abil: Heal Wounds       |     2 |     3 |    17 ||    22
  Use: Potion            |       |       |     7 ||     7
       Scroll            |       |       |     1 ||     1
Armor: Scale mail        |    69 |    93 |    50 ||   212
       Chain mail        |       |       |    90 ||    90
       Plate armour      |       |       |     2 ||     2
Dodge: Dodged            |    35 |    42 |    92 ||   169
Block: Kite shield       |    88 |    80 |   176 ||   344
